 Dungeon Crawl Stone Soup version 0.17-a0-2027-gcac42c4 (webtiles) character file.

20575 kae the Fencer (level 12, -14/115 HPs)
             Began as a Minotaur Fighter on Oct 10, 2015.
             Was a High Priest of Makhleb.
             Demolished by a harpy (18 damage)
             ... summoned by Kirke
             ... on level 4 of the Lair of Beasts.
             The game lasted 00:18:45 (14814 turns).

kae the Fencer (Minotaur Fighter)                  Turns: 14814, Time: 00:18:46

Health: -14/115    AC:  0    Str: 21    XL:     12   Next: 46%
Magic:  0/19       EV: 13    Int:  7    God:    Makhleb [*****.]
Gold:   405        SH:  0    Dex: 13    Spells: 0 memorised, 11 levels left

rFire  . . .     SeeInvis .     (weapon currently unavailable)
rCold  . . .     Clarity  .     (armour currently unavailable)
rNeg   . . .     SustAt   .     (shield currently unavailable)
rPois  .         Gourm    .     (helmet currently unavailable)
rElec  .         Spirit   +     (cloak currently unavailable)
rCorr  .         Warding  .     (gloves currently unavailable)
rMut   .         Stasis   .     (boots currently unavailable)
MR     .....                    H - amulet of guardian spirit
Stlth  +.........               (ring currently unavailable)
                                (ring currently unavailable)

@: pig-form, very quick, not resistant to hostile enchantments, very unstealthy
A: (retaliatory headbutt), (horns 0)
a: Minor Destruction, Lesser Servant of Makhleb, Major Destruction, Greater
Servant of Makhleb, Renounce Religion


You were on level 4 of the Lair of Beasts.
You worshipped Makhleb.
Makhleb was extremely pleased with you.
You were not hungry.
You were a filthy swine.
You visited 2 branches of the dungeon, and saw 14 of its levels.
You also visited: Ice Cave.

You collected 773 gold pieces.
You spent 368 gold pieces at shops.

Inventory:

Hand Weapons
 a - a +1 long sword
 P - a +2 long sword of venom (melded)
Armour
 b - a +0 scale mail
 c - a +0 shield (melded)
 q - a +1 pair of gloves (melded)
 t - the +6 scale mail "Zuhuc" (melded) {Int+3}
   (You found it on level 7 of the Dungeon)

   It affects your intelligence (+3).
 E - a +1 cloak (melded)
 J - a +0 hat (melded)
 O - a cursed -1 pair of boots (melded)
Jewellery
 g - an uncursed ring of see invisible
 u - an uncursed ring of protection from cold
 y - an uncursed amulet of the gourmand
 F - an uncursed ring of stealth
 H - an amulet of guardian spirit (around neck)
 K - an uncursed amulet of regeneration {unknown}
 L - a +3 ring of dexterity (melded)
 U - an uncursed amulet of resist mutation {unknown}
 X - a +4 ring of dexterity (melded)
Wands
 d - a wand of draining (8)
 j - a wand of fireball (0)
 C - a wand of slowing (21)
 G - a wand of lightning (2)
 I - a wand of fire (1)
 T - a wand of cold (8)
 Z - a wand of digging (15)
Scrolls
 f - 9 scrolls of remove curse
 i - a scroll of noise
 l - 5 scrolls of teleportation
 n - 3 scrolls of amnesia
 x - 2 scrolls of fear
 Q - 3 scrolls of recharging
 R - a scroll of enchant weapon
 S - a scroll of enchant armour
 W - a scroll of magic mapping
Potions
 h - a potion of magic {unknown}
 m - a potion of cancellation {unknown}
 p - 4 potions of haste
 s - 2 potions of flight
 v - a potion of ambrosia {unknown}
 w - 3 potions of curing
 B - 3 potions of agility
 D - a potion of degeneration {unknown}
 N - a potion of cure mutation {unknown}
 V - a potion of mutation {unknown}
 Y - a potion of heal wounds
Books
 A - a Necronomicon

   Spells                             Type                      Level
   a - Haunt                          Necromancy/Summoning         7
   b - Borgnjor's Revivification      Necromancy                   8
   c - Death's Door                   Charms/Necromancy            8
   d - Necromutation                  Transmutation/Necromancy     8
 M - a book of Annihilations

   Spells                             Type                      Level
   a - Poison Arrow                   Conjuration/Poison           6
   b - Chain Lightning                Conjuration/Air              8
   c - Lehudib's Crystal Spear        Conjuration/Earth            8
   d - Glaciate                       Conjuration/Ice              9
   e - Fire Storm                     Conjuration/Fire             9
Comestibles
 e - 5 bread rations
 k - 4 beef jerkies
 o - 25 fruits
 r - 10 slices of pizza
 z - 5 meat rations


   Skills:
 - Level 13.1 Fighting
 - Level 16.0 Long Blades
 - Level 3.6 Armour
 - Level 3.6 Shields
 + Level 11.0 Invocations


You had 11 spell levels left.
You didn't know any spells.

Dungeon Overview and Level Annotations

Branches:
Dungeon (9/15)             Temple (0/1) D:7            Lair (5/8) D:9
 Shoals (0/4) Lair:4        Snake (0/4) Lair:4          Orc (0/4) D:9

Altars:
Ashenzari
Dithmenos
Gozag
Makhleb
Nemelex Xobeh
Okawaru
Ru
Xom
Yredelemnul

Shops:
D:9 *[=

Annotations:
Lair:1 exclusion: 3 oklob plants
Lair:4 Kirke


Innate Abilities, Weirdness & Mutations

((You reflexively headbutt those who attack you in melee.))
((You have a pair of horns on your head.))


Message History

The harpy closely misses you. x2
The harpy claws you.
* * * LOW HITPOINT WARNING * * *
The harpy completely misses you.
The harpy screeches!
The harpy claws you!
* * * LOW HITPOINT WARNING * * *
The harpy barely misses you.
The harpy screeches!
The harpy claws you!
* * * LOW HITPOINT WARNING * * *
The harpy claws you!
* * * LOW HITPOINT WARNING * * *
Drink which item? (? for menu, Esc to quit)
You feel better.
The harpy screeches!
The harpy claws you!
* * * LOW HITPOINT WARNING * * *
The harpy barely misses you. The harpy claws you!!
You die...

.# ######........>.........#.#÷#.
####.#####..#≈.♣...♣≈.#..#######.
..#...#.##..#≈P♣♣.♣♣P.#..# #..
............#P.P♣.≈.≈P#..######..
............##..P.≈P≈##..........
........(....####.####......†....
.....................##.#.###.#..
.....................###### ###..
................h.....# #..
...............HH.....## ##..
...........l.........#.### ##.>.
.....................###.# #.#..
....<.......@........###.#####...
........<........................
.................................
.................PP...PP#####....
...............####......#.#.....


You could see Kirke, a komodo dragon and 2 harpies.

Vanquished Creatures
  2 hydras
  The ghost of Noname the Spear-Bearer, a journeyman MfGl of Okawaru (Lair:1)
  The ghost of CipHuK the Cleaver, a novice NaBe of Trog (D:6)
  A hill giant (D:8)
  A cyclops (D:7)
  6 komodo dragons
  10 spiny frogs
  A polar bear (Lair:4)
  Prince Ribbit (D:6)
  A troll (D:9)
  A two-headed ogre (D:9)
  6 hogs (Lair:5)
  6 yaks
  A hungry ghost (D:8)
  Eustachio (D:6)
  2 basilisks
  A deep elf fighter (D:9)
  7 wolves (Lair:2)
  The ghost of Protee the Changer, an amateur DsTm (D:4)
  4 hippogriffs
  2 nagas (Lair:4)
  15 water moccasins
  14 ice beasts
  A sky beast (D:5)
  A black bear (D:9)
  A phantom (D:8)
  4 porcupines
  3 centaurs
  6 ogres
  4 crocodiles
  12 giant frogs
  A gnoll sergeant (D:6)
  A wyvern skeleton (D:8)
  2 scorpions
  8 killer bees (D:9)
  3 giant frog zombies
  2 centaur zombies
  3 orc priests
  3 crimson imps
  2 hounds
  4 jellies
  2 quasits
  Crazy Yiuf (D:7)
  A gnoll shaman (D:5)
  6 iguanas
  7 orc wizards
  3 worker ants
  14 sheep (Lair:5)
  A worker ant zombie (D:9)
  38 gnolls
  26 river rats
  10 adders
  A shadow imp (D:8)
  An adder zombie (D:7)
  2 oozes (D:2)
  2 adder skeletons (D:7)
  A worm (D:2)
  5 giant geckos
  20 orcs
  7 giant cockroaches
  4 hobgoblins
  28 jackals
  5 kobolds
  8 quokkas
  2 ball pythons
  A ball python skeleton (D:4)
  A ball python zombie (D:5)
  17 bats
  A giant gecko zombie (D:7)
  4 giant newts
  8 goblins
  A jackal skeleton (D:4)
  A jackal zombie (D:6)
  A quokka zombie (D:9)
  15 rats
392 creatures vanquished.

Vanquished Creatures (collateral kills)
  A hydra (Lair:3)
  An ice beast (IceCv)
  An iguana (Lair:2)
  A river rat (Lair:3)
4 creatures vanquished.

Vanquished Creatures (others)
  An orc wizard (D:9)
  2 plants
3 creatures vanquished.

Grand Total: 399 creatures vanquished

Notes
Turn   | Place    | Note
--------------------------------------------------------------
     0 | D:1      | kae the Minotaur Fighter began the quest for the Orb.
     0 | D:1      | Reached XP level 1. HP: 19/19 MP: 0/0
   102 | D:1      | Reached XP level 2. HP: 27/27 MP: 1/1
   367 | D:1      | Reached skill level 4 in Long Blades
   495 | D:1      | Reached XP level 3. HP: 30/33 MP: 2/2
   797 | D:2      | Reached skill level 5 in Long Blades
   845 | D:2      | Reached XP level 4. HP: 40/40 MP: 3/3
  1152 | D:3      | Noticed an ogre
  1161 | D:3      | Killed an ogre
  1161 | D:3      | Reached skill level 6 in Long Blades
  1161 | D:3      | Reached XP level 5. HP: 24/46 MP: 4/4
  1435 | D:3      | Found a basalt altar of Yredelemnul.
  1450 | D:3      | Reached skill level 7 in Long Blades
  1930 | D:4      | Noticed Protee's ghost (amateur DsTm)
  1958 | D:4      | Killed Protee's ghost
  1958 | D:4      | Reached skill level 8 in Long Blades
  1958 | D:4      | Reached XP level 6. HP: 7/52 MP: 5/5
  2445 | D:4      | Noticed an ogre
  2451 | D:4      | Killed an ogre
  2451 | D:4      | Reached skill level 9 in Long Blades
  2451 | D:4      | Reached XP level 7. HP: 35/58 MP: 6/6
  2820 | D:5      | Entered Level 5 of the Dungeon
  2870 | D:5      | Reached skill level 10 in Long Blades
  3690 | D:5      | Reached skill level 11 in Long Blades
  3709 | D:5      | Reached XP level 8. HP: 26/66 MP: 7/7
  4705 | D:5      | Found a sacrificial altar of Ru.
  4705 | D:5      | Found a sparkling altar of Nemelex Xobeh.
  4706 | D:5      | Found an opulent altar of Gozag.
  4708 | D:5      | Found a shimmering altar of Xom.
  4836 | D:5      | Found a burning altar of Makhleb.
  4894 | D:5      | Became a worshipper of Makhleb the Destroyer
  5150 | D:5      | Reached skill level 12 in Long Blades
  5770 | D:6      | Acquired Makhleb's first power
  5904 | D:6      | Reached skill level 13 in Long Blades
  6042 | D:6      | Noticed Prince Ribbit
  6074 | D:6      | Killed Prince Ribbit
  6266 | D:6      | Found an iron altar of Okawaru.
  6286 | D:6      | Noticed Eustachio
  6311 | D:6      | Killed Eustachio
  6311 | D:6      | Reached XP level 9. HP: 71/71 MP: 8/8
  6427 | D:6      | Noticed CipHuK's ghost (novice NaBe)
  6473 | D:6      | Killed CipHuK's ghost
  6473 | D:6      | Reached skill level 14 in Long Blades
  6948 | D:7      | Got a smoking scale mail
  6959 | D:7      | Identified the +6 scale mail "Zuhuc" {Int+3} (You found it on level 7 of the Dungeon)
  7069 | D:7      | Noticed Crazy Yiuf
  7076 | D:7      | Killed Crazy Yiuf
  7228 | D:7      | Noticed a cyclops
  7255 | D:7      | Killed a cyclops
  7255 | D:7      | Reached skill level 15 in Long Blades
  7339 | D:7      | Found a shattered altar of Ashenzari.
  7534 | D:7      | Acquired Makhleb's second power
  7575 | D:7      | Found a staircase to the Ecumenical Temple.
  8184 | D:8      | Found a shadowy altar of Dithmenos.
  8293 | D:8      | Reached skill level 16 in Long Blades
  8356 | D:8      | Noticed a hill giant
  8365 | D:8      | Reached XP level 10. HP: 73/80 MP: 9/9
  8389 | D:8      | Killed a hill giant
  9085 | D:9      | Acquired Makhleb's third power
  9553 | D:9      | Found Tougul Lomak's Jewellery Shop.
  9559 | D:9      | Bought an uncursed amulet of guardian spirit for 300 gold pieces
  9567 | D:9      | Found Howoraets's Armour Emporium.
  9574 | D:9      | Bought a +0 hat for 68 gold pieces
  9610 | D:9      | Found Soary's Antique Weapon Shop.
  9619 | D:9      | Found Kutz's General Store.
  9726 | D:9      | Found a staircase to the Orcish Mines.
  9896 | D:9      | Found a staircase to the Lair.
  9925 | D:9      | Reached skill level 10 in Fighting
 10225 | Lair:1   | Entered Level 1 of the Lair of Beasts
 10435 | Lair:1   | Noticed an oklob plant
 10435 | Lair:1   | Noticed an oklob plant
 10435 | Lair:1   | Noticed an oklob plant
 10463 | Lair:1   | Noticed Noname's ghost (journeyman MfGl)
 10510 | Lair:1   | Killed Noname's ghost
 11225 | Lair:2   | Reached XP level 11. HP: 96/102 MP: 7/10
 11229 | Lair:2   | Acquired Makhleb's fourth power
 11268 | Lair:2   | Found a sparkling altar of Nemelex Xobeh.
 11432 | Lair:2   | Found a frozen archway.
 11488 | IceCv    | Entered an ice cave
 11764 | IceCv    | Noticed an ice statue
 11764 | IceCv    | Noticed an ice statue
 11903 | Lair:2   | Reached skill level 1 in Invocations
 12185 | Lair:2   | Noticed an eight-headed hydra
 12199 | Lair:2   | Killed an eight-headed hydra
 12495 | Lair:2   | Reached skill level 5 in Invocations
 13243 | Lair:3   | Noticed an eight-headed hydra
 13263 | Lair:3   | Killed an eight-headed hydra
 13588 | Lair:4   | Reached XP level 12. HP: 115/115 MP: 15/17
 13885 | Lair:4   | Found a staircase to the Snake Pit.
 13893 | Lair:4   | Acquired Makhleb's fifth power
 13914 | Lair:4   | Found a staircase to the Shoals.
 14469 | Lair:5   | Reached skill level 10 in Invocations
 14729 | Lair:5   | Noticed an eight-headed hydra
 14739 | Lair:5   | Killed an eight-headed hydra
 14770 | Lair:5   | Noticed Kirke
 14813 | Lair:4   | HP: 2/115 [harpy[Kirke] (6)]
 14814 | Lair:4   | Demolished by a harpy

Vault maps used:
D:1:      shiori_arrival_oz
D:3:      yredelemnul_altar_generic
D:4:      hangedman_decor_riveting
D:5:      lemuel_castle_with_subvaults, minitemple, kennysheep_mini_moat,
          first_bread
D:6:      basic_altar, hangedman_abyss_or_decor_stabs, uniq_eustachio,
          uniq_prince_ribbit1
D:7:      nicolae_ashenzari_panopticon, temple_statues, uniq_crazy_yiuf_cottage
D:8:      nicolae_dithmenos_through_a_glass_darkly
D:9:      minmay_flawed_box, david_lair_shrubbed, orc_0_dummy, serial_shops,
          shop, nicolae_shop_crystal, shop, shop_fountains, grunt_pizzeria,
          item_on_display_a
Lair:1:   dpeg_oklob_gauntlet
Lair:2:   basic_altar, portal_ice_cave_entry_ice_beasts,
          cheibrodos_lair_reptile_den
Lair:3:   lab_entry_generic, st_stairs_4, beast_lair_carwin_8
Lair:4:   shoals_dummy_entry, guppyfry_snake_entry_garden,
          nicolae_lair_grove_arrangements, lemuel_fruit_tree,
          lemuel_fruit_fields
Lair:5:   uniq_kirke
IceCv:    ice_cave_statue_garden_01

Action                   |  1- 3 |  4- 6 |  7- 9 | 10-12 || total
-------------------------+-------+-------+-------+-------++-------
Melee: Long sword        |   123 |   143 |   507 |   766 ||  1539
       Unarmed           |       |       |       |     5 ||     5
Invok: Lesser Servant of |       |       |       |    10 ||    10
       Minor Destruction |       |       |       |     7 ||     7
Evoke: Wand              |       |       |     3 |     8 ||    11
  Use: Potion            |       |     1 |     3 |     1 ||     5
       Scroll            |       |       |    14 |     6 ||    20
  Eat: Chunk             |       |     5 |    26 |     9 ||    40
       Bread ration      |       |       |     1 |     5 ||     6
